 Dungeon Crawl Stone Soup version 0.27.1-4-g1640c2035a (webtiles) character file.

Game seed: 8827489607138893268

1070 wingedge the Ruffian (level 8, -2/74 HPs)
             Began as a Troll Fire Elementalist on Nov 1, 2021.
             Was a Follower of Qazlal.
             Slain by an orc (6 damage)
             ... on level 4 of the Dungeon.
             The game lasted 00:18:06 (3181 turns).

wingedge the Ruffian (Troll Fire Elementalist)      Turns: 3181, Time: 00:18:07

Health: -2/74      AC:  5    Str: 19    XL:     8   Next: 7%
Magic:  0/9        EV: 10    Int: 11    God:    Qazlal [*.....]
Gold:   124        SH:  2    Dex: 10    Spells: 8/9 levels left

rFire    + + .     SeeInvis .     - Unarmed
rCold    x x .     Faith    .   (no shield)
rNeg     . . .     Spirit   +   a - +0 robe
rPois    .         Reflect  .   (helmet restricted)
rElec    .         Harm     .   r - +0 cloak
rCorr    .         Rampage  .   (gloves unavailable)
Will     .....                  (boots unavailable)
Stlth    +.........             f - amulet of guardian spirit
HPRegen  1.22/turn              m - ring of fire
MPRegen  0.11/turn              p - ring of fire

@: no status effects
A: large, unfitting armour, claws 3, regeneration 1, shaggy fur 1, tough skin 1
a: Renounce Religion


You were on level 4 of the Dungeon.
You worshipped Qazlal.
Qazlal was aware of your devotion.
You visited 1 branch of the dungeon, and saw 5 of its levels.

You collected 180 gold pieces.
You spent 56 gold pieces at shops.

Inventory:

Hand Weapons
 q - a +4 quarterstaff of chaos
Armour
 a - a +0 robe (worn)
 h - a scarf of shadows
 r - a +0 cloak (worn)
Jewellery
 b - a ring of ice
 f - an amulet of guardian spirit (around neck)
 m - a ring of fire (left claw)
 p - a ring of fire (right claw)
Scrolls
 c - a scroll of amnesia {unknown}
 d - a scroll of blinking
 e - a scroll of acquirement {unknown}
 i - a scroll of summoning {unknown}
 k - a scroll of immolation {unknown}
 l - 3 scrolls of teleportation {unknown}
 n - a scroll of enchant weapon {unknown}
 o - a scroll of enchant armour {unknown}
Potions
 g - a potion of brilliance
 j - a potion of mutation


   Skills:
 * Level 2.6 Fighting
 + Level 3.5 Dodging
 - Level 1.0 Stealth
 * Level 7.2 Unarmed Combat
 - Level 1.3 Spellcasting
 - Level 0.6 Conjurations
 - Level 2.3 Fire Magic
 * Level 1.6 Invocations


You had 8 spell levels left.
You knew the following spells:

 Your Spells              Type           Power      Damage    Failure   Level
a - Foxfire               Conj/Fire      32%        2x1d5     17%         1

Your spell library contained the following spells:

 Spells                   Type           Power      Damage    Failure   Level
 Summon Small Mammal      Summ           0%         N/A       30%         1
 Slow                     Hex            0%         N/A       43%         2
 Conjure Flame            Conj/Fire      8%         6-21      45%         3
 Inner Flame              Hex/Fire       7%         N/A       50%         3
 Call Canine Familiar     Summ           0%         N/A       67%         3
 Confusing Touch          Hex            0%         N/A       67%         3
 Summon Guardian Golem    Hex/Summ       0%         N/A       67%         3
 Vampiric Draining        Necr           0%         2d6       67%         3
 Sticky Flame             Conj/Fire      8%         2d3       86%         4
 Fireball                 Conj/Fire      4%         3d4       99%         5


Dungeon Overview and Level Annotations

Branches:
Dungeon (5/15)
 Temple: D:4-7

Altars:
Qazlal

Shops:
D:2 *


Innate Abilities, Weirdness & Mutations

You are too large for most types of armour.
You have claws for hands.
Your natural rate of healing is unusually fast.
You are covered in fur. (AC +1)
You have tough skin. (AC +1)


Message History

The orc priest invokes the aid of Beogh against you.
Pain shoots through your body!
* * * LOW HITPOINT WARNING * * *
You block the orc's attack.
Okay, then.
Okay, then.
You claw the ogre!
You kill the ogre!
Qazlal accepts your kill. The orc barely misses you.
The orc priest hits you with a +0 dagger.
* * * LOW HITPOINT WARNING * * *
The orc hits you but does no damage.
You have reached level 8!
You claw the orc priest!
The orc priest is severely wounded.
The orc misses you.
The orc priest hits you with a +0 dagger.
* * * LOW HITPOINT WARNING * * *
The orc hits you but does no damage.
Unknown command.
You closely miss the orc priest.
The orc priest is severely wounded.
The orc hits you with a +0 flail.
* * * LOW HITPOINT WARNING * * *
The orc priest hits you but does no damage.
You scratch the orc priest but do no damage.
The orc priest is severely wounded.
The orc barely misses you. x2
The orc priest hits you but does no damage.
You claw the orc priest!
You kill the orc priest!
Qazlal accepts your kill. The orc hits you but does no damage.
The orc hits you with a +0 flail.
* * * LOW HITPOINT WARNING * * *
You claw the orc!
You kill the orc!
Qazlal accepts your kill. The orc hits you with a +0 flail.
You die...

#.'....##.........[.......
#.#...###.##.#...#........
###.#...###.##.#...#.######.
#..................#.#<...#.
#.#.###.###.##.....#.####.#.
######.#.#........#.....#.# #.#.
...............#........#.# #.#.
###[.[.........☼))#..#.##.####...
<.[).[.........)@o...............
###.#..#.......#)##..............
#.#.....<..........#.##.####...
#.#.....#.####.#......#.# #...
#.#.......#.##.#.#....#.####.#.
#.##......#....#.#....#.#......
###.........#@####.#....#.#.##.#.
.....######.#.# #.+......#.##.#.
####.# #.#@# ###....###.##.#.


You could see an orc.

Vanquished Creatures
  Sigmund (D:4)
  Edmund (D:4)
  A black bear (D:4)
  An ogre (D:4)
  A scorpion (D:4)
  5 orc priests
  3 hounds (D:4)
  Crazy Yiuf (D:4)
  2 iguanas (D:4)
  5 orc wizards
  Robin (D:3)
  2 adders
  An adder skeleton (D:4)
  A worm (D:2)
  A dart slug (D:1)
  15 orcs
  A ball python (D:1)
  4 bats
  3 endoplasms
  4 giant cockroaches
  11 goblins
  8 hobgoblins
  2 jackals (D:1)
  7 kobolds
  3 quokkas
  A frilled lizard (D:1)
  A rat (D:2)
87 creatures vanquished.

Vanquished Creatures (others)
  An orc wizard (D:4)
  A hobgoblin (D:4)
  12 foxfires
14 creatures vanquished.

Grand Total: 101 creatures vanquished

Notes
Turn   | Place    | Note
-------+----------+-------------------------------------------
     0 | D:1      | wingedge the Troll Fire Elementalist began the quest for
                  | the Orb.
     0 | D:1      | Reached XP level 1. HP: 16/16 MP: 1/1
   112 | D:1      | Reached XP level 2. HP: 23/24 MP: 3/3
   426 | D:1      | Reached skill level 1 in Unarmed Combat
   732 | D:2      | Reached XP level 3. HP: 31/31 MP: 4/4
   870 | D:2      | Reached skill level 2 in Unarmed Combat
   874 | D:2      | Reached skill level 1 in Fighting
   874 | D:2      | Reached XP level 4. HP: 35/41 MP: 2/5
   920 | D:2      | Reached skill level 3 in Unarmed Combat
   920 | D:2      | Reached XP level 5. HP: 47/48 MP: 2/6
  1002 | D:2      | Found Fihiylae's General Store.
  1011 | D:2      | Bought a scroll of identify for 28 gold pieces
  1011 | D:2      | Bought a scroll of identify for 28 gold pieces
  1154 | D:2      | Found a faded altar of an unknown god.
  1200 | D:2      | Found a stormy altar of Qazlal.
  1207 | D:2      | Became a worshipper of Qazlal Stormbringer
  1448 | D:3      | Noticed Robin
  1460 | D:3      | Killed Robin
  1854 | D:4      | Reached skill level 4 in Unarmed Combat
  1878 | D:4      | Reached XP level 6. HP: 20/55 MP: 2/7
  2030 | D:4      | Noticed Edmund
  2080 | D:3      | Reached * piety under Qazlal
  2180 | D:4      | Reached skill level 5 in Unarmed Combat
  2238 | D:4      | Noticed Sigmund
  2254 | D:4      | Killed Sigmund
  2255 | D:4      | Reached XP level 7. HP: 45/65 MP: 4/8
  2559 | D:4      | Reached skill level 6 in Unarmed Combat
  2559 | D:4      | Reached skill level 1 in Invocations
  2691 | D:4      | Found a runed translucent door.
  2692 | D:4      | Noticed Crazy Yiuf
  2705 | D:4      | Killed Crazy Yiuf
  2932 | D:4      | Killed Edmund
  3081 | D:5      | Entered Level 5 of the Dungeon
  3130 | D:4      | Reached skill level 7 in Unarmed Combat
  3177 | D:4      | Reached XP level 8. HP: 8/74 MP: 1/9
  3180 | D:4      | HP: 3/74 [orc (5)]
  3181 | D:4      | Slain by an orc

Illustrated notes

Levels and vault maps discovered:
D:1:      dpeg_arrival_simpleton_a, layout_basic, dk_noncrumbling_2
D:2:      cheibrodos_pilgrimage, layout_rooms, serial_shops,
          nicolae_square_shop, basic_altar, shapermc_ecumenical_altar_ellora
D:3:      layout_basic, uniq_robin
D:4:      layout_basic, uniq_sigmund, uniq_crazy_yiuf_cottage, uniq_edmund
D:5:      layout_rooms, serial_shops, nicolae_diamond_shop,
          kennysheep_small_square

Skill      XL: |  1  2  3  4  5  6  7 |
---------------+----------------------+-----
Dodging        | 2 3 |  3.5
Unarmed Combat | 1 2 3 4 5 7 |  7.2
Fighting       | 1 2 |  2.6
Invocations    | 1 |  1.6
Stealth        | |  1.0
Spellcasting   | |  1.3
Conjurations   | |  0.6
Fire Magic     | |  2.3

Action                   |  1- 3 |  4- 6 |  7- 9 || total
-------------------------+-------+-------+-------++-------
Melee: Unarmed           |    96 |   144 |    74 ||   314
       Punch             |       |       |     3 ||     3
 Cast: Foxfire           |     1 |     9 |       ||    10
  Use: Scroll            |       |     7 |       ||     7
       Potion            |       |     2 |       ||     2
 Stab: Sleeping          |     2 |       |       ||     2
Armor: Robe              |    48 |    49 |    20 ||   117
Dodge: Dodged            |    69 |    69 |    58 ||   196
Block: Other             |       |       |     4 ||     4
